Cogmind - Beta 15 @@@ ROGUE MODE // 2025.05.07 @ 22:51:28 Player: Terminus Result: Destroyed by 8R-AWN with 8R-AWN's Boregun Performance ------------- Evolutions (1) 500 Regions Visited (5) 1000 Robots Destroyed (90) 450 Value Destroyed (1660) 1660 Prototype IDs (5) 100 Alien Tech Used (0) 0 Bonus (-194) -194 TOTAL SCORE: 3516 Bonus ------- High Alert Combat Kills 57 Friendly Fire -251 Cogmind --------- Core Integrity 0/400 Matter 68/300 Energy 29/280 System Corruption 0% Temperature Cool (0) Movement Treading (320) Ox2 Location -9/Exiles Parts ------- > --- POWER (1) -------- Heavy Ion Engine > --- PROPULSION (2) --- Improved Treads > --- UTILITY (3) ------ Cooling System High-capacity Storage Unit Hardened Medium Armor Plating > --- WEAPON (3) ------- Autogun Autogun Autogun > --- INVENTORY (20) --- Heavy Ion Engine Cooling System High-capacity Matter Pod (0) Experimental Sensor Array Advanced Targeting Computer Hardened Medium Armor Plating Hardened Medium Armor Plating Shield Generator Hacking Suite Autogun Autogun Rocket Launcher Peak State ------------ > --- POWER ------------ Heavy Ion Engine > --- PROPULSION ------- Improved Treads Improved Treads > --- UTILITY ---------- Cooling System High-capacity Storage Unit Hardened Medium Armor Plating > --- WEAPON ----------- Autogun Autogun Autogun > --- INVENTORY -------- Heavy Ion Engine Improved Treads Improved Treads Cooling System High-capacity Matter Pod Experimental Sensor Array Advanced Targeting Computer Hardened Medium Armor Plating Hardened Medium Armor Plating Shield Generator Hacking Suite EM Pulse Gun Heavy Assault Rifle Autogun Autogun Autogun Autogun Autogun Autogun Rocket Launcher [Rating: 24] Favorites ----------- Power Heavy Ion Engine Engine Heavy Ion Engine Propulsion Improved Treads Treads Improved Treads Utility High-capacity Storage Unit Device Cooling System Storage High-capacity Storage Unit Protection Hardened Medium Armor Plating Weapon Autogun Energy Gun Particle Gun Ballistic Gun Autogun Launcher Rocket Launcher Build | -11 -10 -10 -9 -9 -9 ------- Run | Yrd Mat Min Mat Min Exi Slots Evolved 2 | . . . 2 . . Power . | . . . . . . Propulsion . | . . . . . . Utility 1 | . . . 1 . . Weapon 1 | . . . 1 . . Parts Attached 52 | 6 8 1 28 4 5 Power 6 | 1 1 . 4 . . Engine 6 | 1 1 . 4 . . Core . | . . . . . . Reactor . | . . . . . . Propulsion 11 | 2 2 . 5 1 1 Treads 11 | 2 2 . 5 1 1 Leg . | . . . . . . Wheel . | . . . . . . Hover . | . . . . . . Flight . | . . . . . . Utility 15 | 1 3 . 9 1 1 Device 6 | . 1 . 4 . 1 Storage 3 | 1 2 . . . . Processor . | . . . . . . Hackware . | . . . . . . Protection 6 | . . . 5 1 . Artifact . | . . . . . . Weapon 20 | 2 2 1 10 2 3 Energy Gun 6 | 2 2 1 . 1 . Energy Cannon . | . . . . . . Ballistic Gun 13 | . . . 9 1 3 Ballistic Cannon . | . . . . . . Launcher 1 | . . . 1 . . Special Weapon . | . . . . . . Impact Weapon . | . . . . . . Slashing Weapon . | . . . . . . Piercing Weapon . | . . . . . . Special Melee Weapon . | . . . . . . Unidentified Prototypes . | . . . . . . Parts Lost 10 | . . . 1 4 5 Power . | . . . . . . Propulsion 3 | . . . . 1 2 Utility 2 | . . . 1 1 . Weapon 5 | . . . . 2 3 Highest Loss Streak 4 | . . . 1 4 3 To Critical Strikes 3 | . . . . . 3 Average Backups 17 | 1 14 20 19 16 15 Power 1 | . 1 2 1 1 1 Propulsion 1 | . 1 2 2 1 . Utility 6 | . 2 5 6 8 7 Weapon 8 | . 9 10 9 6 5 Tool/Special . | . . . . . . Unused Backups 33 | . 5 . 17 1 10 Power 2 | . . . 1 . 1 Propulsion 1 | . . . 1 . . Utility 14 | . . . 6 1 7 Weapon 16 | . 5 . 9 . 2 Tool/Special . | . . . . . . Average Slot Usage (%) 98 | . 96 100 99 99 99 Engine 11 | . 13 14 11 11 11 Treads 23 | . 27 28 21 22 21 Device 11 | . 13 14 11 11 11 Storage 11 | . 14 14 11 11 11 Protection 7 | . . . 9 11 11 Energy Gun 8 | . 27 28 . . . Ballistic Gun 22 | . . . 32 32 29 Peak Build Rating 24 | 6 12 13 24 24 23 Average Rating 17 | 4 10 12 18 23 22 On Entrance 13 | . 6 12 13 24 23 Naked Turns . | . . . . . . Heaviest Build 68 | 12 52 52 67 67 68 Greatest Support 46 | 40 40 40 46 46 46 Greatest Overweight (x) 17 | 2 17 1 1 1 1 Average Overweight (x) . | . . 1 1 1 1 Largest Inventory Capacity 20 | 8 20 20 20 20 20 Average Capacity 19 | 6 16 20 20 20 20 Most Carried 20 | 2 20 20 20 20 20 Average Carried 18 | 1 14 19 19 18 18 Final Capacity 20 | 8 20 20 20 20 20 Final Carried 20 | 2 20 20 20 20 12 Class Distribution -------------------- 48% | Tank 32% | Mutant 15% | Scavenger-Tank 3% | Gunner Dominant Class ---------------- Mutant | -10/Materials Mutant | -10/Mines Tank | -9/Materials Tank | -9/Mines Tank | -9/Exiles Resources | -11 -10 -10 -9 -9 -9 ----------- Run | Yrd Mat Min Mat Min Exi Matter Collected 2544 | 243 136 47 1835 83 200 Remotely . | . . . . . . Salvage Created 3208 | . 864 47 2189 69 39 Parts 193 | . 57 7 129 . . Haulers Intercepted 7 | . 2 . 5 . . Recyclers Shooed 6 | . 2 . 4 . . Parts Field Recycled . | . . . . . . Retrieved Matter . | . . . . . . Parts Self-Destructed . | . . . . . . Prevented . | . . . . . . Kills | -11 -10 -10 -9 -9 -9 ------- Run | Yrd Mat Min Mat Min Exi Combat Hostiles Destroyed 58 | . 14 3 34 1 6 Guns 49 | . 14 3 31 1 . AOE 9 | . . . 3 . 6 Classes Destroyed 11 | . 8 . 1 . 2 Worker 6 | . 3 1 2 . . Hauler 7 | . 2 . 5 . . Recycler 12 | . 3 . 9 . . Mechanic 1 | . 1 . . . . Operator 3 | . 1 . 2 . . Watcher 8 | . 3 . 5 . . Swarmer 21 | . 6 3 12 . . Grunt 21 | . 8 . 13 . . Sentry 9 | . . . 9 . . Zionite 1 | . . . . . 1 Assembled 6 | . . . . . 6 Best Kill Streak 6 | . 5 3 6 1 6 Combat Bots Only 6 | . 3 3 5 1 6 Max Kills in Single Turn 3 | . 2 1 3 1 2 Gunslinging 1 | . 1 . 1 . . Exploded 3 | . . . 3 . 2 Melee . | . . . . . . Uniques/NPCs Destroyed 1 | . . . . 1 . YI-UF0 (-9/Mines) Combat | -11 -10 -10 -9 -9 -9 -------- Run | Yrd Mat Min Mat Min Exi Hostile Shots Fired 294 | . 51 17 123 40 63 Missed 75 | . 11 4 38 8 14 Hits 219 | . 40 13 85 32 49 Projectile 219 | . 40 13 85 32 49 AOE 36 | . . . . 36 . Critical Strikes 19 | . 1 1 1 . 16 Damage Taken 3436 | . 447 109 1018 1123 739 Core 559 | . 126 25 117 170 121 Absorbed by Shields 112 | . . . . . 112 Regen/Repaired (Parts) 281 | . 188 . 93 . . Core Remaining (%) 69 | 100 . 39 . . . Volleys Fired 242 | . 58 5 131 15 33 Largest 3 | . 2 2 3 3 3 Hottest 130 | . 130 130 69 69 69 Shots Fired 620 | . 116 10 387 25 82 Gun 610 | . 116 10 384 25 75 Cannon . | . . . . . . Launcher 10 | . . . 3 . 7 Special . | . . . . . . Kinetic 474 | . . . 384 15 75 Thermal 126 | . 116 10 . . . Explosive 10 | . . . 3 . 7 Electromagnetic 10 | . . . . 10 . Robot Hit Streak 20 | . 12 3 20 4 18 Robot Miss Streak 5 | . 2 3 5 2 3 Penetration Max . | . . . . . . Secondary Targets 5 | . 1 . 4 . . Max Gunslinging Chain 1 | . 1 . 1 . . Shots Hit Robots 381 | . 73 5 227 16 60 Core Hits 149 | . 35 4 84 4 22 Critical Kills 2 | . . . 2 . . Critical Parts Destroyed 2 | . . . 1 1 . Critical Strikes 4 | . . . 3 1 . Destroy 4 | . . . 3 1 . Melee Attacks . | . . . . . . Impact . | . . . . . . Slashing . | . . . . . . Piercing . | . . . . . . Sneak Attacks . | . . . . . . Combat Hostiles . | . . . . . . Follow-up Attacks . | . . . . . . Damage Inflicted 6216 | . 951 90 3572 299 1304 Guns 5413 | . 920 79 3335 213 866 Cannons . | . . . . . . Explosions 684 | . . . 180 66 438 Melee . | . . . . . . Ramming 119 | . 31 11 57 20 . Kinetic 4350 | . . . 3335 149 866 Thermal 1065 | . 920 79 . 66 . Explosive 618 | . . . 180 . 438 Electromagnetic 64 | . . . . 64 . Impact . | . . . . . . Slashing . | . . . . . . Piercing . | . . . . . . Highest Corruption . | . . . . . . Average Corruption . | . . . . . . Corruption Purged . | . . . . . . Corruption Blocked . | . . . . . . Overload Shots . | . . . . . . Overflow Damage 16 | . . . 16 . . Projectiles . | . . . . . . Explosions 16 | . . . 16 . . Melee . | . . . . . . Knockbacks 3 | . 1 . 1 1 . Impact 3 | . 1 . 1 1 . Kinetic . | . . . . . . Secondary . | . . . . . . Self-Inflicted Damage 17 | . . . . 17 . Shots 1 | . . . . 1 . Rammed 23 | . 7 1 13 2 . Targets Rammed 26 | . 8 2 14 2 . Kicked . | . . . . . . Crushed 3 | . 1 1 1 . . Highest Temperature 347 | . 347 188 24 . 255 Average Temperature 95 | . 96 112 6 . 151 Received Heat Transfer 597 | . 198 . 339 . 60 Effects 1 | . 1 . . . . Shutdowns 1 | . 1 . . . . Siege Activations . | . . . . . . Martial Activations . | . . . . . . Shielding Activations . | . . . . . . Robots Disrupted . | . . . . . . Combat Hostiles . | . . . . . . Robots Corrupted . | . . . . . . Combat Hostiles . | . . . . . . Parts Fried . | . . . . . . Impact Corruptions . | . . . . . . Robots Melted . | . . . . . . Combat Hostiles . | . . . . . . Parts Melted 5 | . 5 . . . . Heat Transferred 2348 | . 2113 185 . 50 . Parts Sabotaged . | . . . . . . Parts Stolen . | . . . . . . Parts Stripped . | . . . . . . Power Chain Reactions 1 | . . . . 1 . Alert | -11 -10 -10 -9 -9 -9 ------- Run | Yrd Mat Min Mat Min Exi Maximum Alert Level 2 | . . . 2 1 . Low Security (%) 75 | 100 100 100 45 98 . Level 1 8 | . . . 17 1 . Level 2 15 | . . . 36 . . Level 3 . | . . . . . . Level 4 . | . . . . . . Level 5 . | . . . . . . High Security . | . . . . . . Max Security . | . . . . . . Peak Influence 547 | . 152 70 547 212 . Initial 205 | . . 12 . 205 . Average 133 | . 56 9 260 20 . Influence Increases 1757 | . 556 75 1119 7 . Destroy 0b10 Robot/C 1020 | . 280 60 680 . . Destroy 0b10 Robot/NC 185 | . 65 5 115 . . Destroy Leader 280 | . 80 10 190 . . Successful Hack 55 | . 40 . 15 . . Select Force Hacks 90 | . 60 . 30 . . Destroy Structure 37 | . 1 . 29 7 . Lose Combat Pursuer 90 | . 30 . 60 . . Influence Decreases 1757 | . 525 106 591 535 . Entered New Map 342 | . . 19 . 323 . Time Decay 1365 | . 525 87 581 172 . Lost Part 50 | . . . 10 40 . Squads Dispatched 7 | . 4 . 3 . . Investigation 4 | . 3 . 1 . . Extermination . | . . . . . . Reinforcement 3 | . 1 . 2 . . Assault . | . . . . . . Garrison . | . . . . . . Intercept . | . . . . . . Searches Triggered . | . . . . . . Construction Impeded . | . . . . . . Haulers Reinforced . | . . . . . . Active Scanning Responses . | . . . . . . Cargo Convoy Interrupts . | . . . . . . Stealth | -11 -10 -10 -9 -9 -9 --------- Run | Yrd Mat Min Mat Min Exi Distress Signals 4 | . . . 4 . . Communications Jammed . | . . . . . . Distress Signals . | . . . . . . Times Spotted 89 | . 20 3 58 1 7 Peak Tracking Total 9 | . 5 3 6 1 9 Tactical Retreats 4 | . 2 . 2 . . Traps | -11 -10 -10 -9 -9 -9 ------- Run | Yrd Mat Min Mat Min Exi Traps Triggered 7 | . 7 . . . . Indirectly . | . . . . . . Trap Hack Attempts . | . . . . . . Triggered . | . . . . . . Disarmed . | . . . . . . Reprogrammed . | . . . . . . Reused 4 | . . . . . 4 Traps Extracted . | . . . . . . Installed 4 | . . . . . 4 Triggered . | . . . . . . Most Traps Carried 4 | . . . . 4 4 Machines | -11 -10 -10 -9 -9 -9 ---------- Run | Yrd Mat Min Mat Min Exi Machines Disabled 2 | . . . . . 2 Max in Single Turn 1 | . . . . . 1 Machines Repaired . | . . . . . . Machines Dismantled . | . . . . . . Machines Sabotaged . | . . . . . . Overloaded Fab Kills . | . . . . . . Hacking | -11 -10 -10 -9 -9 -9 --------- Run | Yrd Mat Min Mat Min Exi Machines Accessed 22 | . 10 . 11 . 1 Terminals 15 | . 7 . 8 . . Fabricators . | . . . . . . Repair Stations 2 | . 1 . 1 . . Recycling Units 3 | . 2 . 1 . . Scanalyzers 1 | . . . 1 . . Garrison Access . | . . . . . . Total Hacks 94 | . 45 . 45 . 4 Successful 61 | . 28 . 29 . 4 Failed 32 | . 16 . 16 . . Catastrophic 2 | . 1 . 1 . . Database Lockouts 1 | . 1 . . . . Manual 62 | . 31 . 31 . . Terminals 74 | . 35 . 39 . . Fabricators . | . . . . . . Repair Stations 9 | . 7 . 2 . . Recycling Units 4 | . 3 . 1 . . Scanalyzers 3 | . . . 3 . . Garrison Access . | . . . . . . Terminal Hacks 23 | . 9 . 10 . 4 Record 5 | . . . 1 . 4 Robot Analysis 3 | . 1 . 2 . . Prototype ID Bank 3 | . 1 . 2 . . Terminal Index 1 | . 1 . . . . Alert Level 2 | . 2 . . . . Locate Traps 1 | . . . 1 . . Hauler Manifests 3 | . 1 . 2 . . Registered Prototypes 1 | . 1 . . . . Zone Layout 4 | . 2 . 2 . . Fabricator Hacks . | . . . . . . Repair Station Hacks 8 | . 6 . 2 . . Scan Component 4 | . 3 . 1 . . Repair 4 | . 3 . 1 . . Recycling Unit Hacks . | . . . . . . Scanalyzer 2 | . . . 2 . . Insert Component 1 | . . . 1 . . Analyze 1 | . . . 1 . . Garrison Access Hacks . | . . . . . . Unauthorized Hacks 28 | . 13 . 15 . . Terminals 25 | . 11 . 14 . . Botnet 13 | . 6 . 7 . . Skim 12 | . 5 . 7 . . Fabricators . | . . . . . . Repair Stations . | . . . . . . Recycling Units 3 | . 2 . 1 . . Tunnel 3 | . 2 . 1 . . Scanalyzers . | . . . . . . Garrison Access . | . . . . . . Data Cores Recovered . | . . . . . . Used . | . . . . . . Hacking Detections 17 | . 8 . 9 . . Full Trace Events . | . . . . . . Feedback Events . | . . . . . . Feedback Blocked . | . . . . . . Robot Schematics Acquired . | . . . . . . Robots Built . | . . . . . . Authchips . | . . . . . . Time . | . . . . . . Total Robot Build Rating . | . . . . . . Part Schematics Acquired 1 | . . . 1 . . Parts Built . | . . . . . . Authchips . | . . . . . . Time . | . . . . . . Total Part Build Rating . | . . . . . . Parts Repaired 4 | . 3 . 1 . . Time 104 | . 78 . 26 . . Parts Recycled . | . . . . . . Recycled Matter . | . . . . . . Retrieved Matter . | . . . . . . Retrieved Components . | . . . . . . Parts Scanalyzed 1 | . . . 1 . . Part Schematics Acquired 1 | . . . 1 . . Parts Damaged . | . . . . . . Bothacking | -11 -10 -10 -9 -9 -9 ------------ Run | Yrd Mat Min Mat Min Exi Used RIF Installer . | . . . . . . Robots Hacked . | . . . . . . Non-combat . | . . . . . . Combat . | . . . . . . Robot Hacks Applied . | . . . . . . Relay Couplers Released . | . . . . . . Fabnet Peak Effective % . | . . . . . . Robots Rewired . | . . . . . . Allies Hacked . | . . . . . . Hacks Repelled . | . . . . . . Allies | -11 -10 -10 -9 -9 -9 -------- Run | Yrd Mat Min Mat Min Exi Total Allies 3 | . . . . 3 . Largest Group 3 | . . . . 3 3 Highest-Rated Group 40 | . . . . 40 40 Highest-Rated Ally 16 | . . . . 16 16 Total Orders 1 | . . . . . 1 STAY 1 | . . . . . 1 Ally Attacks 10 | . . . . . 10 Total Damage 24 | . . . . . 24 Kills 1 | . . . . . 1 Allies Corrupted . | . . . . . . Allies Melted . | . . . . . . Intel | -11 -10 -10 -9 -9 -9 ------- Run | Yrd Mat Min Mat Min Exi Active Infowar (turns) . | . . . . . . Robot Analysis Total 3 | . 1 . 2 . . Derelict Logs Recovered 4 | . . 1 . 3 . Drone Launches . | . . . . . . Drone Recoveries . | . . . . . . Exploration | -11 -10 -10 -9 -9 -9 ------------- Run | Yrd Mat Min Mat Min Exi Turns Passed 8092 | 85 1925 623 3255 1556 648 Spaces Moved 2931 | 56 735 251 1065 608 216 Core 28 | 24 4 . . . . Treads 2903 | 32 731 251 1065 608 216 Legs . | . . . . . . Wheels . | . . . . . . Hover . | . . . . . . Flight . | . . . . . . Fastest Speed 50 | 50 160 240 240 240 240 Average Speed 228 | 134 201 240 240 240 240 Slowest Speed 900 | 160 900 240 240 240 240 Overloaded Moves . | . . . . . . Propulsion Burnouts . | . . . . . . Robots Hopped . | . . . . . . Potential Cave-ins . | . . . . . . Cave-ins Triggered . | . . . . . . Exploration Rate (%) 68 | 4 96 66 94 98 54 Regions Visited 5 Branch Regions 3 Pre-discovered Areas 10 | . 3 . 5 1 1 Known Exits Taken 2 | . 1 1 . . . Unknown Exits Taken 3 | 1 . . 1 1 . Scrap Searched 1 | . . . . 1 . Spaces Dug 17 | . . . 17 . . Terrain Destroyed 39 | . . . 20 8 11 Melee . | . . . . . . Projectile . | . . . . . . AOE 39 | . . . 20 8 11 Terrain Rammed . | . . . . . . Walls Destroyed . | . . . . . . Machines Disabled . | . . . . . . Actions | -11 -10 -10 -9 -9 -9 --------- Run | Yrd Mat Min Mat Min Exi Total 3866 | 63 1056 260 1503 685 299 Wait 469 | . 196 . 191 50 32 Move 2926 | 55 734 250 1064 607 216 Hop . | . . . . . . Pick Up 61 | 2 27 1 25 5 1 Fast Attach 24 | 6 14 . 4 . . Attach 12 | . 2 . 2 4 4 Detach . | . . . . . . Swap 40 | . 7 1 27 1 4 Drop 62 | . 10 1 45 1 5 Fire 242 | . 58 5 131 15 33 Melee . | . . . . . . Ram . | . . . . . . Kick . | . . . . . . Crush 26 | . 8 2 14 2 . Escape Stasis . | . . . . . . Rewire . | . . . . . . Trap 4 | . . . . . 4 Miscellaneous . | . . . . . . Route ------- -11/Scrapyard -10/Materials (discovered 6 exits: *Mat x3 / *Min x2 / Sub) -10/Mines -9/Materials (discovered 7 exits: *Mat x3 / [*Min x2] / [*Sto x2]) -9/Mines (discovered 4 exits: *Mat x2 / *Exi / [*Zio]) -9/Exiles (discovered 1 exit: [*Min]) History --------- Turn | Location | Event 24 | -11/Scrapyard | Discovered new exit (range 15) 86 | -11/Scrapyard | Entered Materials 196 | -10/Materials | Core integrity fell below 50% 310 | -10/Materials | Discovered new exit (range 8) 318 | -10/Materials | Build established: Mutant 526 | -10/Materials | Discovered new exit (range 12) 583 | -10/Materials | Repaired Lgt. Assault Rifle 610 | -10/Materials | Repaired Lgt. Treads 637 | -10/Materials | Repaired Lgt. Treads 725 | -10/Materials | Discovered new exit (range 16) 1304 | -10/Materials | Central database locked down 1304 | -10/Materials | Discovered new exit (range 14) 1348 | -10/Materials | Identified exit to Materials 1348 | -10/Materials | Identified exit to Subcaves 1348 | -10/Materials | Learned location of 1 exit from Materials 1403 | -10/Materials | Learned 2 Storage zone layouts 1416 | -10/Materials | Learned 4 Recycling zone layouts 1418 | -10/Materials | Learned 4 Subcaves zone layouts 1419 | -10/Materials | Identified exit to Mines 1421 | -10/Materials | Learned Storage emergency access door positions 1425 | -10/Materials | Loaded intel: 33 machine locations 1437 | -10/Materials | Learned location of 1 exit from Recycling 2011 | -10/Materials | Entered Mines 2093 | -10/Mines | Learned Materials trap positions 2345 | -10/Mines | Found a damaged Exp. Sensor Array with a note attached 2352 | -10/Mines | Found Prototype Device 2478 | -10/Mines | Discovered exit to Materials (range 13) 2634 | -10/Mines | Entered Materials 2634 | -9/Materials | Evolved 2 slots: Utility x1, Weapon x1 2635 | -9/Materials | Identified exit to Materials 2636 | -9/Materials | Loaded intel: 17 trap records 2919 | -9/Materials | Build established: Gunner 3088 | -9/Materials | Identified Exp. Sensor Array 3171 | -9/Materials | Repaired Lgt. Treads 3297 | -9/Materials | Discovered new exit (range 5) 3465 | -9/Materials | Build established: Scavenger-Tank 3807 | -9/Materials | Learned location of 1 exit from Recycling 3858 | -9/Materials | Learned location of 3 exits from Materials 3898 | -9/Materials | Learned location of Storage (-9) 3919 | -9/Materials | Discovered new exit (range 9) 3930 | -9/Materials | Learned location of Mines (-9) 3995 | -9/Materials | Learned location of 1 exit from Storage 4020 | -9/Materials | Learned location of Zion (-7) 4525 | -9/Materials | Build established: Tank 5247 | -9/Materials | Discovered new exit (range 15) 5537 | -9/Materials | Discovered new exit (range 5) 5889 | -9/Materials | Entered Mines 5903 | -9/Mines | YI-UF0 nonchalantly dropped a Grenade Launcher on the ground 5916 | -9/Mines | Core integrity fell below 50% 5946 | -9/Mines | Destroyed YI-UF0 5963 | -9/Mines | Lost 4 parts (1n1u2w) 6021 | -9/Mines | Assembled infested the area 6248 | -9/Mines | Found a Scrap Suit stashed away for nefarious purposes 6253 | -9/Mines | Found Scrap Suit 6342 | -9/Mines | Discovered new exit (range 5) 6813 | -9/Mines | Assisted by bots powering up and referring to "LRC-V3" 6930 | -9/Mines | Found a hidden stash of uninstalled traps 6959 | -9/Mines | Learned Materials terminal intel 6993 | -9/Mines | Discovered exit to Materials (range 10) 7006 | -9/Mines | A Derelict revealed a hidden shortcut to a safe place 7445 | -9/Mines | Entered Exiles 7445 | -9/Exiles | Accompanied by 3 allies 7481 | -9/Exiles | Discovered new exit (range 15) 7510 | -9/Exiles | Met 8R-AWN 7544 | -9/Exiles | Met EX-HEX 7654 | -9/Exiles | Met EX-DEC 7934 | -9/Exiles | Attacked by the Exiles 8039 | -9/Exiles | Core integrity fell below 20% 8093 | -9/Exiles | Destroyed by 8R-AWN with 8R-AWN's Boregun Last Messages --------------- 08056_ HV Slug penetrates Machine. 08057_ HV Slug penetrates Wall. 08059_ Penetrated by HV Slug. 08063_ HV Slug penetrates Machine. 08065_ Penetrated by HV Slug. 08065_ Critical hit (Destroy). 08065_ Imp. Treads destroyed. 08066_ HV Slug penetrates Machine. 08068_ Penetrated by HV Slug. 08072_ Critical hit (Destroy). 08072_ Autogun destroyed. 08074_ Penetrated by HV Slug. 08081_ Critical hit (Destroy). 08081_ Autogun destroyed. 08083_ Penetrated by HV Slug. 08083_ Critical hit (Destroy). 08084_ Penetrated by HV Slug. 08086_ HV Slug penetrates Machine. 08086_ HV Slug penetrates Wall. 08087_ Penetrated by HV Slug. Map ----- +----------------------------------------------------+ | ?????????????????????????????????????????????????? | | ?????????????????????????????????????????????????? | | ?????????????????????????????????????????????????? | | ?????????????????????????????????????????????????? | | ?????????????????????????????????????????????????? | | ?????????????????????????????????????????????????? | | ?????????????????????????????????????????????????? | | ?????????????????????????????????????????????????? | | ?????????????????????????????????????????????????? | | ?????????????????????????????????????????????????? | | ?????????????????????????????????????????????????? | | ?????????????????????????????????????????????????? | | ?????????????????????????????#######?????????????? | | ??????????????? ######???????#!!! "#?????????????? | | ??????????????? #""#??????# "#?????????????? | | ??????????????? ??????# "#?????????????? | | ??????????????? #????## ""#????????????## | | ??????????????? #####" ""#???????????? | | ??????????????? ##" ""?????????????" | | ???????????????? # " #?????????????"" | | ??????????????????# #?????????????"" | | ?????????????????????# ##????????????"" | | ??????????????????????## "#???????????? | | ???????????????########" ###???????????" | | ???????????????# !! g [^ ##??????????# | | ???????????????#! @ ###"" ######???### | | ???????????????#! #?##" """ ####X# | | ???????????????#! ##??#" | | ???????????????# ! "" ";##???#"# %[ | | ???????????????######;###?????#### %! | | ???????????????????# #???????????## | | ??????????????????# #??????????????# | | ?????????????????# #????????????????# | | ????????????????# #??????????????????### | | ???????????????? #?????????????????????## % | | ??????????????? ????????????????????????#" % | | ?????????????? ????????????????????????##" | | ???????????????????????????????????????#"" | | ???????????????????????????????????????#""" | | ???????????????????????????????????????""" | | ???????????????????????????????????????""" | | ???????????????????????????????????????"" | | ???????????????????????????????????????""" | | ???????????????????????????????????????"" | | ???????????????????????????????????????#"" | | ???????????????????????????????????????#"""" | | ????????????????????????????????????????# | | ?????????????????????????????????????????" | | ?????????????????????????????????????????"""" | | ??????????????????????????????????????????" | +----------------------------------------------------+ Best States ------------- Heat Dissipation 50 Coolant Potential 50 Energy Generation 14 Energy Capacity 280 Matter Stores 300 Matter Capacity 300 Sight Range 16 Terrain Scan Density 10 Armor Coverage 225 Evasion (%) 40 Recoil Reduction 2 Item Schematics ----------------- Exp. Sensor Array | -9/Materials | Scanalyzed Robot Schematics ------------------ None Fabricated ------------ Nothing Repaired ---------- Lgt. Assault Rifle | 98% | -10/Materials Lgt. Treads | 8% | -10/Materials Lgt. Treads | 57% | -10/Materials Lgt. Treads | 33% | -9/Materials Alien Tech Used ----------------- None Achievements -------------- None Challenges ------------ None Game ------ Seed DrainedMasterFirepult Manual? 0 Play Time 00:33:22 Cumulative 2151.0 hours Start 2025.05.07 @ 22:11:18 End 2025.05.07 @ 22:51:28 Sessions 1 Manual Loads 0 Difficulty Rogue Special Mode None Game No. 722 Rogue 722 Adventurer 0 Explorer 0 Win Type - Total 161 Types 31/15/65/7/1/2/38/1/1/0 Lore% 96 Gallery% 94 Achievement% 88 Wizard Run 0 Options --------- Layout 0 ASCII 0 Keyboard 0 Movement Numpad Keybinds 0 Fullscreen 2 Font 24/Smallcaps Map View 76x50 Zoom Use 0% Tactical HUD 1 Map Filters NONE Filters NONE Steam 1 RUN: 74a07171-972b-4983-91b3-d8d3c0b23fc6